 Dungeon Crawl Stone Soup version 0.27-a0-1185-ga233589e6f (webtiles) character file.

Game seed: 15973879839243699435

18 mlem the Digger (level 2, 0/15 HPs)
             Began as a Gargoyle Earth Elementalist on May 19, 2021.
             Slain by a gnoll
             ... wielding a +0 club
              (7 damage)
             ... on level 3 of the Dungeon.
             The game lasted 00:01:36 (922 turns).

mlem the Digger (Gargoyle Earth Elementalist)        Turns: 922, Time: 00:01:36

Health: 0/15       AC:  4    Str: 11    XL:     2   Next: 70%
Magic:  5/5        EV: 12    Int: 15    God:
Gold:   25         SH:  0    Dex: 16    Spells: 5/6 levels left

rFire    . . .     SeeInvis .   a - +0 dagger
rCold    . . .     Faith    .   (no shield)
rNeg     + . .     Spirit   .   c - +0 robe
rPois    ∞         Reflect  .   (no helmet)
rElec    +         Harm     .   (no cloak)
rCorr    .         Rampage  .   (no gloves)
Will     .....                  (no boots)
Stlth    ++........             (no amulet)
HPRegen  0.05/turn              i - +6 ring of dexterity
MPRegen  0.09/turn              (no ring)

@: no status effects
A: sickness immunity, AC +2, negative energy resistance 1, electricity
resistance, torment resistance 1, petrification resistance
a: no special abilities


You were on level 3 of the Dungeon.
You visited 1 branch of the dungeon, and saw 3 of its levels.

You collected 25 gold pieces.

Inventory:

Hand Weapons
 a - a +0 dagger (weapon)
 e - a +0 mace
Missiles
 b - 58 stones
Armour
 c - a +0 robe (worn)
Jewellery
 i - a +6 ring of dexterity (left hand)
Scrolls
 d - a scroll of fear {unknown}
 f - a scroll of vulnerability {unknown}
Potions
 g - 2 potions of flight {unknown}
 h - a potion of degeneration {unknown}


   Skills:
 - Level 1.5 Dodging
 - Level 2.1 Stealth
 + Level 2.5 Spellcasting
 - Level 0.7 Transmutations
 + Level 4.2 Earth Magic


You had 5 spell levels left.
You knew the following spells:

 Your Spells              Type           Power      Damage    Failure   Level
a - Sandblast             Erth           28%        2d8       3%          1

Your spell library contained the following spells:

 Spells                   Type           Power      Damage    Failure   Level
 Passwall                 Tmut/Erth      7%         N/A       12%         2
 Stone Arrow              Conj/Erth      16%        3d8       26%         3
 Petrify                  Tmut/Erth      9%         N/A       58%         4
 Lee's Rapid Deconstruct  Erth           7%         3d7*      71%         5


Dungeon Overview and Level Annotations

Branches:
Dungeon (2/15)

Altars:


Innate Abilities, Weirdness & Mutations

You are immune to sickness and miasma.
Your stone body is resilient. (AC +2)
You are immune to poison.
You resist negative energy. (rN+)
You are resistant to electric shocks. (rElec)
You are resistant to unholy torment.
You are immune to petrification.


Message History

There is a faded altar of an unknown god here.
There is a stone staircase leading down here.
You see here a +0 hand axe.
There is a stone staircase leading down here.
Done exploring.
Done exploring.
Done exploring.
Done exploring.
(D) Dungeon
Where to? (? - help)
There is a stone staircase leading down here.
You climb downwards.
There is a stone staircase leading up here.
Found a mace.
A rat comes into view.
A goblin comes into view. It is wielding a +0 club.
Found a pair of gloves and 24 bolts.
You see here a +0 mace.
You hit the rat.
You kill the rat!
An adder comes into view.
The adder hisses angrily.
The adder moves out of view.
An endoplasm comes into view.
You fall into a shaft and drop 1 floor!
The shaft crumbles and collapses.
A gnoll comes into view. It is wielding a +0 club.
The gnoll shouts!
A gnoll comes into view. It is wielding a +0 spear.
The gnoll shouts!
An endoplasm comes into view.
The endoplasm quivers.
Found a stone staircase leading down and a stone staircase leading up.
A gnoll comes into view. It is wielding a +0 halberd.
Unknown command.
The gnoll hits you with a +0 halberd!
Ouch! That really hurt!
Found a stone staircase leading up.
The gnoll hits you with a +0 club!
You die...

##########
#........#
#........#
#........#
#........#
#........#
#....g...#
#..g.....#
#...Jg@..#
...........#
########.#....
#.##.>.<. #<#
#.... #.# ....
#.. #.# #.. .#


You could see 3 gnolls and an endoplasm.

Vanquished Creatures
  5 endoplasms (D:1)
  A goblin (D:1)
  3 hobgoblins (D:1)
  2 kobolds (D:1)
  A ball python (D:1)
  A frilled lizard (D:1)
  3 rats
16 creatures vanquished.

Notes
Turn   | Place    | Note
-------+----------+-------------------------------------------
     0 | D:1      | mlem the Gargoyle Earth Elementalist began the quest for
                  | the Orb.
     0 | D:1      | Reached XP level 1. HP: 10/10 MP: 3/3
   183 | D:1      | Reached skill level 4 in Earth Magic
   183 | D:1      | Reached XP level 2. HP: 6/15 MP: 0/5
   647 | D:1      | Found a faded altar of an unknown god.
   920 | D:2      | You fall into a shaft and drop 1 floor!
   922 | D:3      | Slain by a gnoll

Illustrated notes

Levels and vault maps discovered:
D:1:      nzn_arrival_water_spiral, layout_rooms, ebering_ecumenical_altar_hall
D:2:      layout_loops_ring, serial_park_tiny_1
D:3:      minmay_angry_zag, layout_rooms, serial_glass, glass_columns_a,
          glass_columns_b, serial_bayou_ford_a, minmay_vboxes

Skill      XL: |  1 |
---------------+----+-----
Earth Magic    | 4 |  4.2
Dodging        | |  1.5
Stealth        | |  2.1
Spellcasting   | |  2.5
Transmutations | |  0.7

Action                   || total
-------------------------++-------
Melee: Dagger            ||     7
       Unarmed           ||     2
 Cast: Sandblast         ||    19
Armor: Robe              ||     4
Dodge: Dodged            ||     7

Table legend: (Time is in decaauts)
 A = Elapsed time spent in this place.
 B = Non-inter-level travel time spent in this place.
 C = Inter-level travel time spent in this place.
 D = Time resting spent in this place.
 E = Time spent auto-exploring this place.
 F = Levels seen in this place.
 G = Mean time per level.
                   A        B        C        D        E       F      G
               +--------+--------+--------+--------+--------+-----+--------+
         Total |    921 |    895 |     26 |      0 |    770 |   3 |  307.0 |
       Dungeon |    921 |    895 |     26 |      0 |    770 |   3 |  307.0 |
               +--------+--------+--------+--------+--------+-----+--------+

Top non-repeatable levels by time:
     D:1: 902 daAuts
     D:2: 16 daAuts
     D:3: 1 daAuts
